Map: Washout LE

Players

SpearOfAdun

  • Race: Terran Terran
  • League: Master

A.I. 2 (Elite) - Winner!

  • Race: Protoss Protoss

VOD

Have the link to the VOD?

Description

Time

  • Played on: Oct. 15, 2026, 1:41 p.m.
  • Length: 8:42
Show
View Real Time Build Order
Export as new Build Order

SpearOfAdun Terran 

Build Orders:  

Get SALT Encoding   

  12  0:00  SCV  
  13  0:12  SCV  
  14  0:16  Supply Depot  
  14  0:24  SCV  
  15  0:38  SCV  
  15  0:39  Barracks  
  16  0:42  Refinery  
  16  0:50  SCV  
  17  1:02  SCV  
  18  1:14  SCV  
  19  1:26  Orbital Command  
  19  1:27  Barracks Reactor  
  19  1:38  Command Center  
  19  1:45  Supply Depot  
  19  1:52  SCV  
  20  2:03  Marine x2  
  20  2:04  SCV  
  23  2:14  Barracks  
  23  2:17  Barracks  
  23  2:20  SCV  
  24  2:25  Marine x2  
  26  2:35  Bunker  
  26  2:36  SCV  
  27  2:43  Marine x2  
  29  2:48  SCV  
  29  2:51  Orbital Command  
  30  3:01  SCV, Marine x2  
  33  3:06  Barracks Tech Lab x2  
  33  3:09  Engineering Bay  
  33  3:14  SCV  
  33  3:17  SCV  
  33  3:19  Marine  
  36  3:20  Marine  
  37  3:27  Supply Depot  
  37  3:28  Stimpack  
  37  3:30  SCV x2  
  39  3:36  Terran Infantry Weapons Level 1, Combat Shield  
  39  3:41  Refinery  
  39  3:43  SCV  
  39  3:45  Marauder  
  42  3:48  SCV  
  42  3:52  Supply Depot  
  42  3:53  Marauder  
  42  3:54  Marine  
  42  3:55  Marine  
  47  3:58  SCV  
  47  4:01  Missile Turret  
  48  4:04  SCV  
  48  4:09  Marauder  
  51  4:15  Marauder  
  53  4:19  Marine x2  
  53  4:20  SCV x2  
  53  4:21  Supply Depot  
  57  4:32  SCV x2  
  57  4:34  Factory  
  59  4:39  Marine  
  59  4:40  Marine  
  59  4:44  SCV x2  
  63  4:45  Refinery  
  63  4:46  Supply Depot  
  63  4:48  Marauder x2  
  67  4:56  SCV x2  
  69  5:05  Barracks  
  69  5:06  Barracks  
  68  5:08  SCV x2  
  68  5:09  Concussive Shells  
  70  5:14  Marine x3  
  70  5:18  Supply Depot  
  70  5:20  Starport, SCV  
  74  5:21  Factory Reactor  
  74  5:23  SCV  
  74  5:26  Refinery  
  74  5:28  Marauder  
  77  5:32  Marine  
  77  5:33  Marine  
  77  5:35  Marauder  
  78  5:38  SCV  
  76  5:45  SCV  
  76  5:48  Marine  
  76  5:49  Supply Depot  
  76  5:50  SCV  
  76  5:51  Supply Depot  
  72  5:58  SCV  
  72  6:02  Starport, SCV  
  72  6:03  Medivac x2  
  76  6:08  Factory Reactor  
  75  6:13  SCV  
  75  6:17  Marine  
  75  6:18  Marine, Marauder  
  78  6:20  Barracks Tech Lab, Barracks Reactor  
  78  6:28  Supply Depot x2  
  74  6:33  SCV  
  74  6:35  Viking x2  
  79  6:46  Supply Depot, Marauder x2  
  79  6:47  Marine x2  
  83  6:49  Viking  
  87  6:54  Viking  
  87  6:58  Supply Depot  
  87  7:00  SCV  
  90  7:09  Viking x2  
  94  7:19  Viking  
  94  7:22  Marauder x2  
  100  7:23  Marine x4  
  100  7:24  Viking  
  106  7:38  Marauder  
  106  7:39  Viking x2  
  106  7:41  Marine x2  
  114  7:45  Supply Depot  
  114  7:49  Viking  
  115  7:54  Marine x2, Viking, Marauder  
  121  8:00  Marine x2, Marauder x2  
  127  8:09  Viking  
  127  8:11  Marine  
  127  8:12  Marine  
  130  8:15  Marine  
  126  8:20  Marine  
  126  8:21  Marauder x2  
  126  8:24  Supply Depot x2  
Show
View Real Time Build Order
Export as new Build Order

A.I. 2 (Elite) Protoss - Winner!

Build Orders: 1 Gate Expand 

Get SALT Encoding   

  12  0:00  Probe  
  13  0:13  Probe  
  14  0:20  Pylon  
  14  0:25  Probe  
  15  0:34  Probe  
  15  0:42  Probe  
  17  0:51  Gateway  
  17  0:52  Probe  
  18  1:00  Probe  
  19  1:14  Nexus  
  19  1:15  Probe  
  20  1:27  Probe  
  21  1:36  Pylon  
  21  1:38  Zealot  
  23  1:45  Cybernetics Core  
  23  1:47  Assimilator  
  23  1:54  Probe  
  24  2:02  Probe  
  25  2:10  Probe  
  26  2:19  Probe  
  26  2:20  Pylon  
  26  2:22  Warp Gate  
  26  2:26  Probe  
  26  2:27  Probe  
  28  2:38  Gateway, Probe  
  28  2:40  Probe  
  28  2:41  Assimilator  
  30  2:51  Stalker  
  32  2:54  Probe  
  32  2:55  Pylon  
  32  2:56  Probe  
  34  3:06  Probe  
  34  3:08  Probe  
  34  3:09  Adept  
  36  3:19  Probe  
  39  3:21  Adept, Probe  
  42  3:28  Robotics Facility  
  42  3:32  Probe  
  42  3:33  Probe  
  44  3:35  Adept  
  44  3:44  Probe  
  44  3:45  Probe  
  50  3:56  Probe  
  50  3:58  Probe  
  52  4:04  Adept  
  52  4:06  Pylon  
  52  4:09  Probe  
  55  4:10  Probe  
  56  4:17  Gateway  
  56  4:20  Robotics Bay  
  56  4:21  Probe, Adept  
  56  4:22  Pylon  
  57  4:24  Adept  
  57  4:28  Observer  
  57  4:29  Probe  
  60  4:32  Pylon  
  60  4:34  Probe  
  62  4:52  Robotics Facility  
  62  4:57  Stalker  
  62  4:59  Pylon, Zealot  
  66  5:08  Zealot  
  66  5:11  Gateway  
  68  5:16  Pylon  
  68  5:19  Zealot, Stalker  
  72  5:28  Zealot  
  72  5:33  Adept  
  64  5:41  Adept  
  54  5:48  Zealot  
  54  5:49  Probe  
  52  5:51  Forge, Adept  
  52  5:52  Probe  
  52  5:54  Zealot  
  41  6:01  Probe, Zealot  
  41  6:03  Pylon, Nexus  
  38  6:04  Probe  
  38  6:06  Assimilator  
  38  6:09  Stalker  
  39  6:11  Adept  
  39  6:13  Adept, Probe  
  42  6:21  Zealot  
  42  6:28  Adept  
  44  6:34  Twilight Council  
  44  6:46  Pylon  
  44  6:55  Zealot  
  44  6:58  Probe  
  44  7:00  Probe  
  48  7:08  Probe  
  48  7:11  Templar Archives  
  48  7:12  Probe  
  50  7:16  Probe x2  
  52  7:24  Stalker, Zealot x2  
  52  7:25  Probe x2  
  52  7:29  Assimilator  
  60  7:30  Stalker  
  60  7:33  Probe  
  63  7:37  Probe  
  63  7:39  Probe  
  63  7:40  Sentry  
  67  7:44  Stalker  
  67  7:45  Sentry, Probe  
  67  7:49  Probe  
  67  7:51  Probe  
  74  7:54  High Templar  
  74  7:55  Assimilator  
  74  7:56  Zealot  
  74  7:58  Probe, Assimilator  
  79  8:01  Probe  
  79  8:03  Probe  
  81  8:08  Zealot, Pylon, Stalker  
  81  8:10  Probe  
  82  8:13  Probe  
  82  8:16  Twilight Council  
  67  8:20  High Templar  
  57  8:31  Zealot  
  57  8:33  Zealot  
  51  8:34  Zealot  
  51  8:35  High Templar  
Tags
 
Add a new tag
Caveats
  • Supply blocks, unpowered buildings, or Contaminate may cause inaccurate times.
  • Supply counts are checked every 10 seconds.